 Dungeon Crawl Stone Soup version 0.30-a0-557-ge2afbf3030 (webtiles) character file.

Game seed: 18389461149172646345

35 demibob the Poker (level 3, 0/27 HPs)
             Began as a Demonspawn Gladiator on Dec 28, 2022.
             Slain by an iron imp (5 damage)
             ... summoned by Natasha
             ... on level 2 of the Dungeon.
             The game lasted 00:01:07 (884 turns).

demibob the Poker (Demonspawn Gladiator)             Turns: 884, Time: 00:01:08

Health: 0/27       AC: 10    Str: 16    XL:     3   Next: 16%
Magic:  3/3        EV: 12    Int:  9    God:
Gold:   43         SH:  0    Dex: 14    Spells: 2/2 levels left

rFire   . . .      SeeInvis .    a - +0 trident
rCold   . . .      Faith    .    (no shield)
rNeg    . . .      Spirit   .    b - +0 leather armour
rPois   .          Reflect  .    c - +0 helmet
rElec   .          Harm     .    (no cloak)
rCorr   .          Rampage  .    (no gloves)
Will    .....                    (no boots)
Stlth   +                        (no amulet)
HPRegen 0.24/turn                (no ring)
MPRegen 0.08/turn                (no ring)

@: sanguine armoured
A: spiny 1, sanguine armour 1
a: no special abilities


You were on level 2 of the Dungeon.
You visited 1 branch of the dungeon, and saw 2 of its levels.

You collected 43 gold pieces.


Innate Abilities, Weirdness & Mutations

You are partially covered in sharp spines.
When seriously injured, your blood forms armour. (AC +6)


   Skills:
 - Level 2.0 Fighting
 + Level 3.9 Polearms
 - Level 1.7 Throwing
 - Level 2.6 Dodging


You had 2 spell levels left.
You didn't know any spells.
Your spell library contained the following spells:

 Spells                   Type           Power      Damage    Failure   Level
 Magic Dart               Conj           0%         1d3       45%         1
 Call Imp                 Summ           0%         N/A       58%         2
 Mephitic Cloud           Conj/Pois/Air  0%         N/A       83%         3

Inventory:

Hand Weapons
 a - a +0 trident (weapon)
Missiles
 d - 2 throwing nets (quivered) {=f}
 e - a javelin
 g - 4 poisoned darts
Armour
 b - a +0 leather armour (worn)
 c - a +0 helmet (worn)

Dungeon Overview and Level Annotations

Branches:
Dungeon (2/15)

Altars:

Annotations:
D:2 Natasha

#.. ..##. ....#
..#. ##...# #
#..#.###..
#!#..?....
###.#5......
#...@h5r....
######...####.###
###.......##
#...#####.###
#...........##...
.....).........#
#..........####
#.....<....#
....<...........


You could see an iron imp (summoned, inner flame), Natasha (inner flame,
caught), a shadow imp (summoned, inner flame) and a quokka (inner flame).


Message History

Natasha barely misses you.
You miss Natasha.
Natasha is moderately wounded.
A quokka comes into view.
The iron imp hits you but does no damage.
Natasha is struck by your spines. Natasha claws you!
* * * LOW HITPOINT WARNING * * *
You barely miss Natasha.
Natasha is moderately wounded.
Natasha claws you but does no damage. The iron imp hits you.
* * * LOW HITPOINT WARNING * * *
You aren't carrying any potions.
Unknown command.
You aren't carrying any potions.
Unknown command.
As you read the scroll labelled MEWEIWAABI, it crumbles to dust.
The creatures around you are filled with an inner flame!
It was a scroll of immolation.
Natasha is struck by your spines.
Flame seeps out of Natasha.
Natasha barely misses you.
Enter note: oops Throw: 3 throwing nets {=f}
Press: ? - help, Q - select action, (/) - cycle Shift-Dir - straight line, f - Natasha
Aim: Natasha (flame, severely wounded, inner flame, 51% to hit)
You throw a throwing net {=f}. The throwing net {=f} hits Natasha.
Natasha is caught in the net!
Natasha is severely wounded.
The shadow imp grinds its teeth.
The iron imp is struck by your spines.
Flame seeps out of the iron imp.
The iron imp hits you.
You die...

Skill      XL: |  1 |
---------------+----+-----
Polearms       | 3 |  3.9
Fighting       | |  2.0
Throwing       | |  1.7
Dodging        | |  2.6

Action                   || total
-------------------------++-------
Melee: Trident           ||    87
       Punch             ||     1
Throw: Throwing net      ||     1
  Use: Scroll            ||     1
Armor: Leather armour    ||    16
Dodge: Dodged            ||    45

Levels and vault maps discovered:
D:1:      psy_arrival_dodecagon, layout_basic
D:2:      layout_rooms, uniq_natasha, uniq_terence

Notes
Turn   | Place    | Note
-------+----------+-------------------------------------------
     0 | D:1      | demibob the Demonspawn Gladiator began the quest for the
                  | Orb.
     0 | D:1      | Reached XP level 1. HP: 16/16 MP: 1/1
   109 | D:1      | Reached skill level 3 in Polearms
   264 | D:1      | Gained mutation: You are partially covered in sharp spines.
                  | [demonic ancestry]
   264 | D:1      | Reached XP level 2. HP: 19/22 MP: 2/2
   675 | D:1      | Gained mutation: When seriously injured, your blood forms
                  | armour. (AC +6) [demonic ancestry]
   675 | D:1      | Reached XP level 3. HP: 27/27 MP: 3/3
   872 | D:2      | Noticed Natasha
   884 | D:2      | >>oops
   884 | D:2      | Slain by an iron imp

Vanquished Creatures
  5 ball pythons (D:1)
  2 endoplasms
  3 giant cockroaches (D:1)
  7 goblins (D:1)
  3 hobgoblins (D:1)
  2 bats (D:1)
  2 frilled lizards (D:1)
  2 kobolds
  6 rats (D:1)
32 creatures vanquished.

Table legend: (Time is in decaauts)
 A = Elapsed time spent in this place.
 B = Non-inter-level travel time spent in this place.
 C = Inter-level travel time spent in this place.
 D = Time resting spent in this place.
 E = Time spent auto-exploring this place.
 F = Levels seen in this place.
 G = Mean time per level.
                   A        B        C        D        E       F      G
               +--------+--------+--------+--------+--------+-----+--------+
         Total |    894 |    875 |     19 |      0 |    685 |   2 |  447.0 |
       Dungeon |    894 |    875 |     19 |      0 |    685 |   2 |  447.0 |
               +--------+--------+--------+--------+--------+-----+--------+

Top non-repeatable levels by time:
     D:1: 872 daAuts
     D:2: 22 daAuts

Table legend:
 A = Non-vault XP
 B = Vault XP
 C = Vault XP percentage of total XP
 D = Non-vault monster count
 E = Vault monster count
 F = Vault count percentage of total count
                 A         B        C        D         E       F
            +---------+---------+-------+---------+---------+-------
      Total |      50 |       0 |   0.0 |      32 |       0 |   0.0
            +---------+---------+-------+---------+---------+-------
        D:1 |      47 |       0 |   0.0 |      30 |       0 |   0.0
        D:2 |       3 |       0 |   0.0 |       2 |       0 |   0.0
            +---------+---------+-------+---------+---------+-------
